 Dungeon Crawl Stone Soup version 0.17-a0-649-g87edefa (webtiles) character file.

152 frag the Shield-Bearer (level 5, -4/47 HPs)
             Began as a Minotaur Fighter on Apr 17, 2015.
             Slain by a gnoll
             ... wielding a +0 halberd
              (9 damage)
             ... on level 3 of the Dungeon.
             The game lasted 00:04:52 (1249 turns).

frag the Shield-Bearer (Minotaur Fighter)           Turns: 1249, Time: 00:04:53

Health: -4/47      AC:  7    Str: 21    XL:     5   Next: 11%
Magic:  4/4        EV:  8    Int:  5    God:
Gold:   113        SH:  9    Dex: 10    Spells: 0 memorised, 4 levels left

rFire  . . .     SeeInvis .     a - +0 war axe
rCold  . . .     Clarity  .     b - +0 scale mail
rNeg   . . .     SustAb   .     c - +0 shield
rPois  .         Gourm    .     (helmet restricted)
rElec  .         Spirit   .     (no cloak)
rCorr  .         Warding  .     (no gloves)
rMut   .         Stasis   .     (no boots)
MR     .....                    (no amulet)
Stlth  ..........               (no ring)
                                (no ring)

@: not resistant to hostile enchantments, extremely unstealthy
A: retaliatory headbutt, horns 2
a: no special abilities


You were on level 3 of the Dungeon.
You were not hungry.

You visited 1 branch of the dungeon, and saw 3 of its levels.

You collected 113 gold pieces.

Inventory:

Hand weapons
 a - a +0 war axe (weapon)
 p - a +0 dagger of flaming
Armour
 b - a +0 scale mail (worn)
 c - a +0 shield (worn)
 j - a +0 hat
Scrolls
 f - a scroll of random uselessness {unknown}
 g - a scroll of teleportation {unknown}
 h - 3 scrolls of identify {unknown}
Potions
 e - a potion of might
 i - a potion of cure mutation {unknown}
 k - a potion of cancellation {unknown}
 l - a potion of heal wounds {unknown}
 m - a potion of flight {unknown}
 n - a potion of resistance {unknown}
 o - a potion of restore abilities {unknown}
Comestibles
 d - 2 bread rations
 q - 2 chunks of flesh


   Skills:
 + Level 4.6 Fighting
 + Level 2.8 Axes
 + Level 4.4 Armour
 + Level 2.4 Dodging
 + Level 4.7 Shields


You had 4 spell levels left.
You didn't know any spells.

Dungeon Overview and Level Annotations

Branches:
Dungeon (3/15)

Altars:
Sif Muna


Innate Abilities, Weirdness & Mutations

You reflexively headbutt those who attack you in melee.
You have a pair of horns on your head.


Message History

You feel sick.
You are no longer poisoned.
You block the gnoll's attack.
You see here a club.
You hit the gnoll.
The gnoll is heavily wounded.
You barely miss the gnoll.
The gnoll hits you from afar with a halberd.
The gnoll hits you but does no damage.
You slash the gnoll!
The gnoll is heavily wounded.
The gnoll completely misses you. The gnoll hits you with a club.
The gnoll hits you from afar with a halberd.
* * * LOW HITPOINT WARNING * * *
You hit the gnoll. You headbutt the gnoll.
You kill the gnoll!
The gnoll hits you from afar with a halberd.
* * * LOW HITPOINT WARNING * * *
The gnoll barely misses you. The gnoll hits you with a halberd!
You die...

#.##########.##.#
.# #.# #.##.# .#
##.##
#.##.#####.#
##...##
#.....†....#
#.....#
#######...##
##...##
######.....####
##.##
#.......)....(#
###
#)####...).##.#
#@# ##<........#
#g# #######.###
.g. .# $....
###.### #.# #.#
#.. #[.


You could see 2 gnolls.

Vanquished Creatures
  Ijyb (D:2)
  Natasha (twice) (D:2)
  A gnoll (D:3)
  4 adders
  3 worms (D:2)
  2 orcs (D:3)
  2 giant cockroaches (D:1)
  2 goblins
  3 hobgoblins
  2 ball pythons
  7 bats
  2 giant newts (D:2)
  5 kobolds
  6 rats
42 creatures vanquished.

Notes
Turn   | Place    | Note
--------------------------------------------------------------
     0 | D:1      | frag, the Minotaur Fighter, began the quest for the Orb.
     0 | D:1      | Reached XP level 1. HP: 19/19 MP: 0/0
   274 | D:1      | Reached XP level 2. HP: 25/27 MP: 1/1
   592 | D:1      | You fall through a shaft!
   598 | D:2      | Reached skill level 4 in Shields
   637 | D:2      | Reached XP level 3. HP: 31/33 MP: 2/2
   728 | D:2      | Reached skill level 1 in Dodging
   737 | D:2      | Noticed Ijyb
   885 | D:2      | Found a deep blue altar of Sif Muna.
   887 | D:2      | Noticed Natasha
   895 | D:2      | Killed Natasha
   895 | D:2      | Reached XP level 4. HP: 33/40 MP: 3/3
   945 | D:2      | Noticed Natasha
   950 | D:2      | Killed Ijyb
   960 | D:2      | Killed Natasha
  1227 | D:3      | Reached XP level 5. HP: 26/47 MP: 4/4
  1249 | D:3      | Slain by a gnoll

Action                   |  1- 3 |  4- 6 || total
-------------------------+-------+-------++-------
Melee: War axe           |    59 |    38 ||    97
  Eat: Chunk             |       |     1 ||     1
